 Dungeon Crawl Stone Soup version 0.22-a0-877-g5c4e1afb51 (webtiles) character file.

145981 Htamos the Brawler (level 16, -4/163 HPs)
             Began as a Troll Fighter on July 28, 2018.
             Was the Champion of Okawaru.
             Slain by a sea snake (16 damage)
             ... on level 3 of the Shoals on July 29, 2018.
             The game lasted 01:31:09 (27345 turns).

Htamos the Brawler (Troll Fighter)                 Turns: 27345, Time: 01:31:10

Health: -4/163     AC: 10    Str: 46    XL:     16   Next: 58%
Magic:  15/15      EV: 11    Int:  4    God:    Okawaru [******]
Gold:   1274       SH: 31    Dex: 18    Spells: 15/15 levels left

rFire    . . .     SeeInvis +     - Unarmed
rCold    + . .     Gourm    +   v - +6 large shield {rPois}
rNeg     + . .     Faith    +   b - +0 robe of Uxadaciw {-Cast Dex+4 SInv}
rPois    +         Spirit   .   T - +2 hat "Ruuzix" {rN+ rCorr Str+4}
rElec    .         Reflect  .   F - +2 cloak of Ajeed {MR+ Dex+5}
rCorr    +         Harm     .   (gloves unavailable)
MR       ++++.     NoCast   +   (boots unavailable)
Stlth    ++++......             Y - amulet of faith
HPRegen  0.77/turn              q - ring of the Devil's Advocate {rC+ MR+ Str+4 Slay+3 Stlth+}
MPRegen  0.14/turn              X - ring of protection from magic

@: mighty
A: large, unfitting armour, claws 3, fast metabolism 3, gourmand, regeneration
1, shaggy fur 1, tough skin 2
}: 1/15 runes: barnacled
a: Heroism, Finesse, Renounce Religion


You were on level 3 of the Shoals.
You worshipped Okawaru.
Okawaru was exalted by your worship.
You were very full.

You visited 5 branches of the dungeon, and saw 28 of its levels.
You also visited: Labyrinth.

You collected 2243 gold pieces.
You spent 969 gold pieces at shops.

Inventory:

Hand Weapons
 f - a +2 fustibalus of flaming
 t - the +8 hand axe of Prescription {flame, rElec rF+ Int-3 Stlth+}
   (You found it on level 9 of the Dungeon)

   It has been specially enchanted to burn those struck by it, causing extra
   injury to most foes and up to half again as much damage against particularly
   susceptible opponents.
   Big, fiery blades are also staple armaments of hydra-hunters.
   It affects your intelligence (-3).
   It protects you from fire.
   It insulates you from electricity.
   It makes you more stealthy.
 S - the +6 morningstar of the Final Decision {flame, rF+ Stlth+}
   (You found it on level 2 of the Shoals)

   It has been specially enchanted to burn those struck by it, causing extra
   injury to most foes and up to half again as much damage against particularly
   susceptible opponents.
   It protects you from fire.
   It makes you more stealthy.
Missiles
 P - 6 javelins of penetration (quivered)
Armour
 b - the +0 robe of Uxadaciw (worn) {-Cast Dex+4 SInv}
   (Okawaru gifted it to you on level 4 of the Lair of Beasts)

   It affects your dexterity (+4).
   It lets you see invisible.
   It prevents spellcasting.
 n - a +0 cloak of poison resistance
 v - a +6 large shield of poison resistance (worn)
 F - the +2 cloak of Ajeed (worn) {MR+ Dex+5}
   (You acquired it on level 7 of the Dungeon)

   It affects your dexterity (+5).
   It affects your resistance to hostile enchantments.
 G - the +4 skin of Zhor {rC+++}
   (Okawaru gifted it to you on level 1 of the Orcish Mines)

   It renders you almost immune to cold.
 Q - a +2 robe of resistance
 T - the +2 hat "Ruuzix" (worn) {rN+ rCorr Str+4}
   (Okawaru gifted it to you on level 13 of the Dungeon)

   It affects your strength (+4).
   It protects you from negative energy.
   It provides partial protection from all sources of acid and corrosion.
Jewellery
 c - a +3 ring of dexterity
 j - a +2 amulet of reflection
 k - an uncursed ring of poison resistance
 q - the ring of the Devil's Advocate (left claw) {rC+ MR+ Str+4 Slay+3 Stlth+}
   (You bought it in a shop on level 3 of the Shoals)

   [ring of stealth]

   It affects your strength (+4).
   It affects your accuracy and damage with ranged weapons and melee attacks
   (+3).
   It protects you from cold.
   It affects your resistance to hostile enchantments.
   It makes you more stealthy.
 s - a +3 ring of protection
 y - a +2 ring of protection
 C - an uncursed ring of flight
 R - a +3 ring of dexterity
 W - an uncursed amulet of magic regeneration
 X - a ring of protection from magic (right claw)
 Y - an amulet of faith (around neck)
 Z - a +4 ring of intelligence
Wands
 a - a wand of enslavement (13)
 l - a wand of flame (57)
 o - a wand of scattershot (6)
 A - a wand of paralysis (51)
 B - a wand of digging (45)
 J - a wand of acid (21)
 N - a wand of iceblast (15)
 V - a wand of random effects (28)
Scrolls
 g - 20 scrolls of remove curse
 r - 3 scrolls of fog
 u - 2 scrolls of noise
 H - 3 scrolls of amnesia
 I - 2 scrolls of enchant weapon
 L - 6 scrolls of identify
 M - a scroll of silence
 U - a scroll of teleportation
Potions
 e - 2 potions of agility
 h - 2 potions of flight
 i - 5 potions of mutation
 m - 2 potions of degeneration
 w - 5 potions of lignification
 x - a potion of might
 z - 2 potions of haste
 D - a potion of curing
 E - 4 potions of magic
Miscellaneous
 K - a phantom mirror
Comestibles
 d - 60 rations
 p - 6 chunks of flesh


   Skills:
 + Level 11.5 Fighting
 - Level 2.4 Dodging
 - Level 4.0 Stealth
 - Level 15.0 Shields
 + Level 18.6 Unarmed Combat


You had 15 spell levels left.
You didn't know any spells.
Your spell library contained the following spells:

 Spells                   Type           Power        Failure   Level  Hunger
 Magic Dart               Conj           #...         50%         1    ##.....
 Conjure Flame            Conj/Fire      #.......     86%         3    ####...
 Slow                     Hex            #.......     65%         2    ###....
 Confuse                  Hex            #.......     86%         3    ####...
 Mephitic Cloud           Conj/Pois/Air  #.......     86%         3    ####...
 Blink                    Tloc           N/A          65%         2    ###....
 Iskenderun's Mystic Bla  Conj           #.......     99%         4    #####..
 Call Imp                 Summ           #.......     65%         2    ###....
 Tukima's Dance           Hex            #.......     86%         3    ####...
 Corpse Rot               Necr           N/A          65%         2    ###....
 Stone Arrow              Conj/Erth      #.....       86%         3    ####...
 Spider Form              Tmut/Pois      #.........   86%         3    ####...
 Blade Hands              Tmut           #.........   100%        5    ######.
 Ice Form                 Ice/Tmut       #.......     99%         4    #####..
 Sticks to Snakes         Tmut           #.......     65%         2    ###....
 Ensorcelled Hibernation  Hex/Ice        #.....       65%         2    ###....
 Corona                   Hex            #......      50%         1    ##.....
 Leda's Liquefaction      Hex/Erth       #.........   99%         4    #####..
 Summon Hydra             Summ           #.........   100%        7    #######
 Beastly Appendage        Tmut           #.....       50%         1    ##.....
 Fulminant Prism          Conj/Hex       #.........   99%         4    #####..
 Dazzling Spray           Conj/Hex       #.....       86%         3    ####...
 Force Lance              Conj/Tloc      #.......     99%         4    #####..
 Searing Ray              Conj           #.....       65%         2    ###....
 Summon Forest            Summ/Tloc      #.........   100%        5    ######.
 Hydra Form               Tmut           #.........   100%        6    #######


Dungeon Overview and Level Annotations

Branches:
Dungeon (15/15)            Temple (1/1) D:4            Lair (6/6) D:8
 Shoals (4/4) Lair:2       Spider (0/4) Lair:2        Slime (0/5) Lair:6
    Orc (2/2) D:11            Elf (0/3) Orc:2        Vaults (0/5) D:14
 Depths (0/5) D:15

Altars:
Ashenzari
Cheibriados
Dithmenos
Elyvilon
Fedhas
Gozag
Hepliaklqana
Kikubaaqudgha
Makhleb
Nemelex Xobeh
Okawaru
Qazlal
Ru
Sif Muna
Uskayaw
Vehumet
Wu Jian
Xom
Yredelemnul
Zin
The Shining One
Beogh
Jiyva

Shops:
D:4 *   D:12 (   Orc:2 [=*:(   Shoals:3 =   Shoals:4 =


Innate Abilities, Weirdness & Mutations

You are too large for most types of armour.
You have claws for hands.
Your metabolism is lightning-fast.
You like to eat raw meat.
Your natural rate of healing is unusually fast.
You are covered in fur. (AC +1)
You have very tough skin. (AC +2)


Message History

* * * LOW HITPOINT WARNING * * *
You see here 7 javelins.
You feel sick. You block the sea snake's attack.
There is a stone staircase leading up here.
Things that are here:
5 steel javelins; 8 javelins You feel sick.
The merfolk throws a tomahawk.
The tomahawk hits you but does no damage.
The sea snake bites you!
* * * LOW HITPOINT WARNING * * *
You climb upwards.
There is a stone staircase leading down here.
You see here 7 steel javelins.
You feel better. You block the sea snake's attack.
You feel better. The sea snake bites you!
* * * LOW HITPOINT WARNING * * *
The sea snake bites you!
* * * LOW HITPOINT WARNING * * *
You feel better. The sea snake bites you!
You die...

≈≈≈≈≈≈≈≈≈≈≈.........≈≈≈≈≈....##
≈≈≈≈≈≈≈≈≈≈≈≈....##.≈≈≈≈≈....###
≈≈≈≈≈≈≈≈≈≈≈≈≈>.###.≈≈≈≈≈..≈....
≈≈≈≈≈≈≈≈≈≈≈≈≈≈≈.##.≈≈≈≈≈≈≈≈....
≈≈≈≈≈≈≈≈≈≈≈≈≈≈..#..≈≈≈≈≈≈≈≈≈...
≈≈≈≈≈≈≈≈≈≈≈≈≈≈..#.≈≈≈≈..≈≈≈≈...
≈≈≈≈≈≈≈≈P≈..P....≈≈≈≈≈..≈≈≈≈≈.≈
≈≈≈≈≈≈≈≈P≈..≈P[≈.≈≈≈≈≈..≈≈≈≈≈≈≈
≈≈≈≈≈≈≈≈≈≈≈≈.)@[≈≈≈≈≈≈..≈≈≈≈≈≈≈
≈≈≈≈≈≈≈≈≈≈≈≈.S[P≈≈...≈≈≈≈≈≈≈≈≈≈
≈≈≈≈≈≈≈≈≈≈≈P≈≈.P.....≈≈≈≈≈.....
≈≈≈≈≈≈≈≈≈≈≈≈≈≈P.###..≈≈≈≈≈.....
≈≈≈≈≈≈≈≈≈≈P≈P≈P.# ##.(...≈.....
≈≈≈≈≈≈≈≈≈≈PP≈≈#####....≈≈...###
≈≈≈≈≈≈≈≈≈≈PP...##.......≈≈..###
≈≈≈≈≈≈≈≈≈≈PP≈...........≈≈.....
≈≈≈≈≈≈PPP......≈≈≈..≈≈≈....


You could see a sea snake.

Vanquished Creatures
  Polyphemus (Shoals:3)
  A frost giant (Shoals:3)
  4 merfolk javelineers (Shoals:3)
  A minotaur (Lab)
  Snorg (D:11)
  7 merfolk impalers
  2 fire dragons (D:15)
  2 ogre magi
  Josephine (D:10)
  6 hydras
  An alligator snapping turtle (Shoals:3)
  2 catoblepae
  Erica (D:8)
  Harold (D:7)
  A centaur warrior (D:15)
  3 merfolk avatars
  4 merfolk aquamancers
  9 two-headed ogres
  6 death yaks
  9 orc high priests (Orc:2)
  2 unseen horrors
  5 skeletal warriors
  Pikel (D:7)
  10 sea snakes
  A wolf spider zombie (D:15)
  4 harpies
  3 orc sorcerers (Orc:1)
  4 orc knights
  2 ugly things (D:13)
  6 cyclopes
  A faun (Shoals:2)
  7 manticores
  7 elephants
  9 merfolk sirens
  Maurice (D:9)
  Psyche (D:11)
  8 spiny frogs
  6 water nymphs
  2 black mambas
  2 gargoyles
  2 torpor snails
  5 rime drakes
  4 komodo dragons
  3 jumping spiders (Lair:2)
  29 merfolk
  A queen bee (Lair:4)
  4 trolls
  5 polar bears
  2 wind drakes
  3 meliai (Lair:4)
  7 hornets
  12 blink frogs
  5 snapping turtles
  13 dream sheep
  10 hippogriffs
  2 shadows
  4 redbacks
  12 spriggans (Lair:6)
  10 water elementals
  6 wraiths
  41 yaks
  Grum (D:9)
  6 wyverns
  Menkaure (D:7)
  2 basilisks
  7 vampire mosquitoes (D:14)
  6 hungry ghosts
  8 wargs
  Edmund (D:6)
  An acid dragon (D:15)
  A water moccasin (shapeshifter) (D:14)
  10 water moccasins
  11 porcupines
  12 orc warriors
  A sky beast (D:10)
  4 ice beasts
  A slave (D:7)
  An eye of draining (D:11)
  5 black bears
  22 ogres
  4 phantoms
  The ghost of
  123456 the Shooter, an amateur CeHu (D:3)
  13 centaurs
  27 wolves
  11 crocodiles
  3 boggarts (Lair:6)
  A big kobold (D:12)
  Blork the orc (Orc:1)
  18 bullfrogs
  A gnoll sergeant (Orc:1)
  A water moccasin zombie (D:5)
  A water moccasin skeleton (D:5)
  6 scorpions
  56 killer bees
  5 howler monkeys
  5 crimson imps
  A bullfrog zombie (D:5)
  4 bullfrog skeletons
  4 quasits
  4 centaur zombies
  8 hounds
  35 orc priests
  5 jellies
  6 iguanas
  Jessica (D:3)
  5 centaur skeletons
  18 orc wizards
  8 worker ants
  A killer bee zombie (D:6)
  A hound zombie (D:6)
  5 hound skeletons
  A worker ant zombie (D:11)
  6 gnolls
  7 adders
  A river rat (Lair:4)
  A shadow imp (D:8)
  An adder zombie (D:5)
  3 worms
  A dart slug (D:1)
  6 leopard geckos
  84 orcs
  8 bats
  6 giant cockroaches
  11 goblins
  6 hobgoblins
  9 jackals
  9 kobolds
  7 quokkas
  3 ball pythons
  6 frilled lizards
  2 jackal skeletons
  A leopard gecko skeleton (D:4)
  A leopard gecko zombie (D:6)
  A quokka zombie (D:6)
  6 rats
  A bush (D:4)
  2 fungi (D:8)
  3 plants (Shoals:3)
879 creatures vanquished.

Vanquished Creatures (others)
  A water elemental (Shoals:1)
  An orc warrior (D:8)
  2 centaurs
  A hound (D:8)
  An orc priest (Orc:2)
  An adder zombie (D:8)
  3 orcs (Orc:2)
  A leopard gecko skeleton (D:7)
  7 fungi
  20 plants
38 creatures vanquished.

Grand Total: 917 creatures vanquished

Notes
Turn   | Place    | Note
-------+----------+-------------------------------------------
     0 | D:1      | Htamos the Troll Fighter began the quest for the Orb.
     0 | D:1      | Reached XP level 1. HP: 22/22 MP: 0/0
    88 | D:1      | Reached XP level 2. HP: 29/29 MP: 1/1
   220 | D:1      | Reached skill level 3 in Unarmed Combat
   267 | D:1      | Reached XP level 3. HP: 36/36 MP: 2/2
  1300 | D:3      | Reached XP level 4. HP: 44/44 MP: 3/3
  1323 | D:3      | Found a transporter.
  1324 | D:3      | Noticed 123456's ghost (amateur CeHu)
  1345 | D:3      | Found a transporter.
  1384 | D:3      | Reached skill level 4 in Unarmed Combat
  1384 | D:3      | Reached XP level 5. HP: 30/50 MP: 4/4
  1943 | D:3      | Noticed Jessica
  1950 | D:3      | Killed Jessica
  1982 | D:3      | Found a deep blue altar of Sif Muna.
  2114 | D:3      | Lost dexterity.
  2121 | D:3      | Reached XP level 6. HP: 36/59 MP: 5/5
  2169 | D:3      | Killed 123456's ghost
  2169 | D:3      | Reached skill level 5 in Unarmed Combat
  2376 | D:4      | Found a sacrificial altar of Ru.
  2544 | D:4      | Found a staircase to the Ecumenical Temple.
  2611 | D:4      | You fall through a shaft!
  2611 | D:5      | Entered Level 5 of the Dungeon
  2671 | D:5      | Noticed an ice beast
  2708 | D:4      | Found Mobelof's Assorted Antiques.
  2729 | D:4      | Bought a scroll labeled IQEPSEENUA for 26 gold pieces
  2729 | D:4      | Bought a scroll labeled QALEQA HOUR for 26 gold pieces
  2729 | D:4      | Bought a scroll labeled GEARICV FE EXKAVU for 26 gold pieces
  2729 | D:4      | Bought a scroll labeled MAIDIY ENNEHY for 26 gold pieces
  2729 | D:4      | Bought a scroll labeled NONOCI JAWK for 26 gold pieces
  2729 | D:4      | Bought a scroll labeled QALEQA HOUR for 26 gold pieces
  3094 | D:5      | Killed an ice beast
  3094 | D:5      | Reached skill level 5 in Shields
  3094 | D:5      | Reached XP level 7. HP: 60/66 MP: 6/6
  3103 | D:5      | Reached skill level 6 in Unarmed Combat
  3893 | D:5      | Found a snail-covered altar of Cheibriados.
  3985 | D:6      | Reached skill level 7 in Unarmed Combat
  3985 | D:6      | Reached XP level 8. HP: 52/74 MP: 7/7
  4201 | D:6      | Found a shattered altar of Ashenzari.
  4251 | D:6      | Noticed Edmund
  4268 | D:6      | Killed Edmund
  4610 | D:7      | Noticed Menkaure
  4616 | D:7      | Killed Menkaure
  4711 | D:7      | Noticed Harold
  4724 | D:7      | Killed Harold
  4724 | D:7      | Reached skill level 8 in Unarmed Combat
  4724 | D:7      | Reached XP level 9. HP: 51/80 MP: 8/8
  4857 | D:7      | Reached skill level 9 in Unarmed Combat
  4874 | D:7      | Noticed Pikel
  4883 | D:7      | Killed Pikel
  5240 | Temple   | Entered the Ecumenical Temple
  5329 | Temple   | Became a worshipper of Warmaster Okawaru
  5701 | D:7      | Reached skill level 10 in Unarmed Combat
  5835 | D:7      | Found a basalt altar of Yredelemnul.
  5847 | D:7      | Found an opulent altar of Gozag.
  6007 | D:8      | Noticed a two-headed ogre
  6014 | D:8      | Reached * piety under Okawaru
  6049 | D:8      | Killed a two-headed ogre
  6049 | D:8      | Reached ** piety under Okawaru
  6049 | D:8      | Reached XP level 10. HP: 53/88 MP: 9/9
  6112 | D:8      | Found a staircase to the Lair.
  6179 | D:8      | Noticed Erica
  6213 | D:7      | Got a spiked cloak
  6214 | D:7      | Identified the +2 cloak of Ajeed {MR+ Dex+5} (You acquired it on level 7 of the Dungeon)
  6431 | D:8      | Killed Erica
  6431 | D:8      | Reached skill level 11 in Unarmed Combat
  6556 | D:8      | Reached *** piety under Okawaru
  6916 | D:9      | Got a twisted hand axe
  6927 | D:9      | Noticed a two-headed ogre
  6939 | D:9      | Reached skill level 10 in Shields
  6947 | D:9      | Killed a two-headed ogre
  7075 | D:9      | Reached skill level 12 in Unarmed Combat
  7086 | D:9      | Noticed Grum
  7095 | D:9      | Killed Grum
  7095 | D:9      | Reached **** piety under Okawaru
  7095 | D:9      | Reached XP level 11. HP: 84/94 MP: 10/10
  7239 | D:9      | Found a radiant altar of Vehumet.
  7629 | D:9      | Noticed Maurice
  7651 | D:9      | Killed Maurice
  7819 | D:10     | Entered Level 10 of the Dungeon
  8307 | D:10     | Received a gift from Okawaru
  8426 | D:11     | Noticed Josephine
  8459 | D:11     | Noticed an ogre mage
  8508 | D:10     | Killed Josephine
  8508 | D:10     | Reached ***** piety under Okawaru
  8711 | D:10     | Killed an ogre mage
  8778 | D:11     | Reached skill level 13 in Unarmed Combat
  8789 | D:11     | Received a gift from Okawaru
  8811 | D:11     | Got an ancient mace
  8854 | D:11     | Noticed a two-headed ogre
  8872 | D:11     | Killed a two-headed ogre
  9186 | D:11     | Noticed Psyche
  9192 | D:11     | Killed Psyche
  9227 | D:11     | Found a staircase to the Orcish Mines.
  9319 | D:11     | Noticed a two-headed ogre
  9328 | D:11     | Killed a two-headed ogre
  9328 | D:11     | Reached XP level 12. HP: 104/104 MP: 11/11
  9420 | D:11     | Noticed a six-headed hydra
  9422 | D:11     | Identified the +8 hand axe of Prescription {flame, rElec rF+ Int-3 Stlth+} (You found it on level 9 of the Dungeon)
  9518 | D:11     | Killed a one-headed hydra
  9518 | D:11     | Received a gift from Okawaru
  9518 | D:11     | Reached ****** piety under Okawaru
  9744 | D:11     | Noticed Snorg
  9756 | D:11     | Killed Snorg
  9812 | D:12     | Reached skill level 14 in Unarmed Combat
  9924 | D:12     | Found Fyenly's Weapon Emporium.
  9976 | D:12     | Noticed a two-headed ogre
  9985 | D:12     | Killed a two-headed ogre
 10234 | D:12     | Noticed a four-headed hydra
 10265 | D:12     | Killed a one-headed hydra
 10395 | D:12     | Noticed a two-headed ogre
 10404 | D:12     | Killed a two-headed ogre
 10659 | D:13     | Reached skill level 1 in Stealth
 10825 | D:11     | Got a fine robe {god gift}
 10826 | D:11     | Identified the +0 robe of the Last Lovers {rN+ MR+ Str-2 Int+4} (Okawaru gifted it to you on level 11 of the Dungeon)
 10979 | D:13     | Noticed a two-headed ogre
 10995 | D:13     | Killed a two-headed ogre
 10995 | D:13     | Received a gift from Okawaru
 11002 | D:13     | Got a scorched hat {god gift}
 11003 | D:13     | Identified the +2 hat "Ruuzix" {rN+ rCorr Str+4} (Okawaru gifted it to you on level 13 of the Dungeon)
 11216 | D:13     | Reached XP level 13. HP: 97/110 MP: 12/12
 11704 | D:14     | Found a gate to the Vaults.
 12433 | D:15     | Entered Level 15 of the Dungeon
 12456 | D:15     | Found a glowing silver altar of Zin.
 12478 | D:15     | Received a gift from Okawaru
 12533 | D:15     | Found a shadowy altar of Dithmenos.
 13107 | D:15     | Noticed a fire dragon
 13107 | D:15     | Noticed a fire dragon
 13148 | D:15     | Killed a fire dragon
 13343 | D:15     | Found a staircase to the Depths.
 13398 | D:15     | Killed a fire dragon
 13398 | D:15     | Received a gift from Okawaru
 13631 | Orc:1    | Entered Level 1 of the Orcish Mines
 13838 | Orc:1    | Noticed Blork the orc
 14048 | Orc:1    | Killed Blork the orc
 14187 | Orc:2    | Entered Level 2 of the Orcish Mines
 14243 | Orc:2    | Found a staircase to the Elven Halls.
 14517 | Orc:2    | Found Sotzasi's Armour Emporium.
 14646 | Orc:2    | Found Genamy's Jewellery Shoppe.
 14664 | Orc:2    | Found Soodghith's General Store.
 14889 | Orc:2    | Reached skill level 15 in Shields
 15000 | Orc:2    | Reached XP level 14. HP: 72/118 MP: 13/13
 15032 | Orc:1    | Received a gift from Okawaru
 15033 | Orc:1    | Found the +4 skin of Zhor {rC+++}
 15622 | Orc:2    | Found Meawauc's Book Shoppe.
 15622 | Orc:2    | Found Neoxzov's Weapon Boutique.
 15648 | Orc:2    | Found a roughly hewn altar of Beogh.
 16070 | Orc:1    | Reached skill level 15 in Unarmed Combat
 16500 | Lair:1   | Entered Level 1 of the Lair of Beasts
 17760 | Lair:2   | Found a staircase to the Shoals.
 17775 | Lair:2   | Reached skill level 5 in Fighting
 18138 | Lair:2   | Found a hole to the Spider Nest.
 19090 | Lair:3   | Received a gift from Okawaru
 19712 | Lair:4   | Reached skill level 16 in Unarmed Combat
 19750 | Lair:4   | Received a gift from Okawaru
 20452 | Lair:4   | Got a colourful robe {god gift}
 20463 | Lair:4   | Identified the +0 robe of Uxadaciw {-Cast Dex+4 SInv} (Okawaru gifted it to you on level 4 of the Lair of Beasts)
 20779 | Lair:5   | Found a labyrinth entrance.
 20803 | Lab      | Entered a labyrinth
 20896 | Lab      | Found the +5 scythe "Finisher" {speed, Str+3}
 21030 | Lair:5   | Reached XP level 15. HP: 136/140 MP: 14/14
 21608 | Lair:6   | Entered Level 6 of the Lair of Beasts
 21751 | Lair:6   | Received a gift from Okawaru
 21861 | Lair:6   | Found a viscous altar of Jiyva.
 21862 | Lair:6   | Found a staircase to the Slime Pits.
 22747 | Lair:4   | Received a gift from Okawaru
 22815 | Shoals:1 | Entered Level 1 of the Shoals
 22847 | Shoals:1 | Reached skill level 17 in Unarmed Combat
 23757 | Shoals:1 | HP: 7/148 [harpy (12)]
 23757 | Shoals:1 | HP: 1/148 [harpy (6)]
 24381 | Shoals:2 | Received a gift from Okawaru
 24382 | Shoals:2 | Got a fine hat {god gift}
 24383 | Shoals:2 | Identified the +2 hat of Space {Dex+4} (Okawaru gifted it to you on level 2 of the Shoals)
 24401 | Shoals:2 | Identified the +8 mace of Optimality {venom, rF+} (You found it on level 11 of the Dungeon)
 24516 | Shoals:2 | Reached skill level 10 in Fighting
 24537 | Shoals:2 | Got a faintly glowing morningstar
 24539 | Shoals:2 | Identified the +6 morningstar of the Final Decision {flame, rF+ Stlth+} (You found it on level 2 of the Shoals)
 24540 | Shoals:2 | Upgraded the game from 0.22-a0-866-geee50340df to 0.22-a0-877-g5c4e1afb51
 25712 | Shoals:2 | Reached XP level 16. HP: 99/158 MP: 15/15
 25973 | Shoals:3 | Found Gazoas's Jewellery Emporium.
 25976 | Shoals:3 | Bought the ring of the Devil's Advocate {rC+ MR+ Str+4 Slay+3 Stlth+} for 813 gold pieces
 26043 | Shoals:3 | Noticed a kraken
 26101 | Shoals:3 | Reached skill level 18 in Unarmed Combat
 26421 | Shoals:3 | Received a gift from Okawaru
 26454 | Shoals:3 | Noticed Polyphemus
 26544 | Shoals:3 | Killed Polyphemus
 26607 | Shoals:3 | Found a hazy altar of Hepliaklqana.
 26912 | Shoals:4 | Entered Level 4 of the Shoals
 26915 | Shoals:4 | Found Keiss's Jewellery Emporium.
 26934 | Shoals:4 | Received a gift from Okawaru
 27298 | Shoals:4 | Got a barnacled rune of Zot
 27341 | Shoals:4 | HP: 5/163 [sea snake (9)]
 27345 | Shoals:3 | Slain by a sea snake

Vault maps used:
D:1:      dpeg_arrival_short_road, serial_curves, eino_curves_01,
          eino_curves_01, eino_curves_04, serial_park_tiny_1
D:3:      tgw_sif, gammafunk_ghost_stat_death
D:4:      nicolae_ru_the_path_less_chosen, minmay_temple_entry_nine_rooms,
          serial_shops, shop, serial_forest, infiniplex_forest_lined_3_way,
          infiniplex_forest_clump_tiny, infiniplex_forest_lined_room_2,
          infiniplex_forest_end_1, infiniplex_forest_end_2,
          infiniplex_forest_clump_large, fountainhead, dk_noncrumbling_4
D:5:      first_ration, supply_closet_lemuel, hangedman_decor_lopped,
          hex_medium, cheibrodos_worm_habitat
D:6:      lemuel_coloured_pillars_altar, serial_corexii_hall,
          corexii_hall_statues_s, corexii_hall_statues_l, uniq_edmund
D:7:      amethyst_overflow_temple_binary, eino_tiny_chamber, uniq_menkaure,
          uniq_harold, uniq_pikel
D:8:      grunt_lair_entry_orc_guard_hut, uniq_erica
D:9:      vehumet_crystals, grunt_ogre_cave, uniq_grum, uniq_maurice
D:10:     minmay_crystal_room
D:11:     minmay_cut_squares, orc_0_dummy, uniq_snorg, uniq_josephine,
          uniq_psyche
D:12:     serial_shops, nicolae_shop_stone, minmay_fountain_box,
          minmay_misc_feat_room
D:14:     david_vaults_2, hangedman_abyss_or_decor_stagger
D:15:     grunt_enter_depths_hoard, nicolae_dithmenos_shadow_blocks, basic_altar
Temple:   eino_temple_scatter_basement
Lair:1:   serial_forest, infiniplex_forest_lined_room_3,
          infiniplex_forest_straight_2, infiniplex_forest_lined_ring,
          infiniplex_forest_straight_3, infiniplex_forest_straight_5,
          infiniplex_forest_lined_3, infiniplex_forest_split,
          serial_bayou_ford_a, grunt_megastairs_5
Lair:2:   elwin_shoals_entry_stream, nicolae_spider_entry_tight_spaces
Lair:4:   regret_index_wax_grids, nicolae_volcano_entry_s_turn
Lair:5:   lab_entry_generic, patterned_corridor
Lair:6:   minmay_lair_end_enchanted_forest, slime_altar_1
Shoals:3: serial_shops, nicolae_shop_behind_doors, nicolae_shoals_seven_spires,
          lemuel_centaur_altar, uniq_polyphemus
Shoals:4: shoals_end_grunt_ice, serial_shops, shop
Orc:1:    sword_in_stone
Orc:2:    st_orc_town, serial_shops, shop
Lab:      lab_hedge, labyrinth_lava_lair

Skill      XL: |  1  2  3  4  5  6  7  8  9 10 11 12 13 14 15 16 |
---------------+-------------------------------------------------+-----
Unarmed Combat | 3 4 5 7 8 10 12 13 14 16 17 18 | 18.6
Shields        | 3 4 5 6 7 9 10 11 13 15 | 15.0
Stealth        | 2 4 |  4.0
Fighting       | 7 10 11 | 11.5
Dodging        | |  2.4

Action                   |  1- 3 |  4- 6 |  7- 9 | 10-12 | 13-15 | 16-18 || total
-------------------------+-------+-------+-------+-------+-------+-------++-------
Melee: Unarmed           |   119 |   211 |   283 |   665 |  1607 |   256 ||  3141
       Hand axe          |       |       |       |    14 |    32 |       ||    46
Evoke: Wand              |       |       |       |     1 |     2 |     4 ||     7
  Use: Potion            |       |     1 |       |     5 |    11 |     4 ||    21
       Scroll            |       |     8 |    10 |    14 |    28 |     1 ||    61
 Stab: Sleeping          |       |       |       |     4 |    13 |       ||    17
       Invisible         |       |       |       |     1 |     6 |       ||     7
       Distracted        |       |       |       |       |     6 |       ||     6
  Eat: Chunk             |    18 |    14 |    20 |    65 |   131 |    18 ||   266
Armor: Robe              |    41 |   104 |    40 |   125 |   166 |    23 ||   499
       Animal skin       |       |       |       |       |   145 |       ||   145
Dodge: Dodged            |    40 |    68 |    78 |   129 |   367 |    45 ||   727
Block: Shield            |    56 |    74 |   122 |   350 |   146 |       ||   748
       Reflection        |       |       |       |     7 |     2 |       ||     9
       Large shield      |       |       |       |       |  1636 |   357 ||  1993

Table legend:
 A = Spawn XP
 B = Non-spawn XP
 C = Spawn XP percentage of total XP
 D = Spawn monster count
 E = Non-spawn monster count
 F = Spawn count percentage of total count
 G = Total turns spent on level
                    A         B        C        D         E        F      G
               +---------+---------+-------+---------+---------+-------+---------
         Total |       0 |  189974 |   0.0 |       0 |     875 |   0.0 | 27345
               +---------+---------+-------+---------+---------+-------+---------
           D:1 |       0 |      50 |   0.0 |       0 |      28 |   0.0 |   622
           D:2 |       0 |      35 |   0.0 |       0 |      15 |   0.0 |   592
           D:3 |       0 |     414 |   0.0 |       0 |      25 |   0.0 |  1026
           D:4 |       0 |     203 |   0.0 |       0 |      11 |   0.0 |   847
           D:5 |       0 |     663 |   0.0 |       0 |      19 |   0.0 |  1001
           D:6 |       0 |     553 |   0.0 |       0 |      18 |   0.0 |   653
           D:7 |       0 |    2852 |   0.0 |       0 |      22 |   0.0 |  1180
           D:8 |       0 |    4108 |   0.0 |       0 |      41 |   0.0 |   900
           D:9 |       0 |    3491 |   0.0 |       0 |      27 |   0.0 |   926
          D:10 |       0 |    4364 |   0.0 |       0 |      22 |   0.0 |   946
          D:11 |       0 |   10538 |   0.0 |       0 |      51 |   0.0 |  1489
          D:12 |       0 |    6456 |   0.0 |       0 |      41 |   0.0 |   822
          D:13 |       0 |    9030 |   0.0 |       0 |      47 |   0.0 |   942
          D:14 |       0 |    7665 |   0.0 |       0 |      20 |   0.0 |   943
          D:15 |       0 |    7934 |   0.0 |       0 |      21 |   0.0 |  1074
        Lair:1 |       0 |    4857 |   0.0 |       0 |      20 |   0.0 |  1137
        Lair:2 |       0 |    3579 |   0.0 |       0 |      13 |   0.0 |  1200
        Lair:3 |       0 |    4207 |   0.0 |       0 |      20 |   0.0 |   661
        Lair:4 |       0 |   14685 |   0.0 |       0 |      77 |   0.0 |  1471
        Lair:5 |       0 |    6422 |   0.0 |       0 |      19 |   0.0 |   753
        Lair:6 |       0 |   15714 |   0.0 |       0 |      64 |   0.0 |  1098
      Shoals:1 |       0 |   16953 |   0.0 |       0 |      42 |   0.0 |  1354
      Shoals:2 |       0 |   12660 |   0.0 |       0 |      28 |   0.0 |  1525
      Shoals:3 |       0 |   31573 |   0.0 |       0 |      51 |   0.0 |  1402
      Shoals:4 |       0 |    4933 |   0.0 |       0 |       9 |   0.0 |   133
         Orc:1 |       0 |    3353 |   0.0 |       0 |      38 |   0.0 |   878
         Orc:2 |       0 |   10868 |   0.0 |       0 |      82 |   0.0 |  1556
           Lab |       0 |    1814 |   0.0 |       0 |       4 |   0.0 |   111
               +---------+---------+-------+---------+---------+-------+---------
